 Dungeon Crawl Stone Soup version 0.29.1-15-g9cfb28693d (webtiles) character file.

Game seed: 193889916490515821

14 QwertyIsDirtey the Trooper (level 2, -3/27 HPs)
             Began as a Minotaur Berserker on Mar 23, 2023.
             Was a Follower of Trog.
             Killed from afar by an orc wizard (7 damage)
             ... with a magic dart
             ... on level 4 of the Dungeon.
             The game lasted 00:02:03 (451 turns).

QwertyIsDirtey the Trooper (Minotaur Berserker)      Turns: 451, Time: 00:02:03

Health: -3/27      AC:  6    Str: 21    XL:     2   Next: 27%
Magic:  1/1        EV: 10    Int:  4    God:    Trog [*.....]
Gold:   14         SH:  0    Dex:  9    Spells: 1/1 levels left

rFire   . . .      SeeInvis .   a - +0 hand axe
rCold   . . .      Faith    .   (no shield)
rNeg    . . .      Spirit   .   g - +0 scale mail
rPois   .          Reflect  .   (helmet restricted)
rElec   .          Harm     .   (no cloak)
rCorr   .          Rampage  .   (no gloves)
Will    .....                   (no boots)
Stlth   ..........              (no amulet)
HPRegen 0.09/turn               (no ring)
MPRegen 0.07/turn               (no ring)

@: no status effects
A: horns 2, retaliatory headbutt
a: Renounce Religion, Berserk


You were on level 4 of the Dungeon.
You worshipped Trog.
Trog was aware of your devotion.
You visited 1 branch of the dungeon, and saw 4 of its levels.

You collected 14 gold pieces.

Inventory:

Hand Weapons
 a - a +0 hand axe (weapon)
 f - a +0 sling
Armour
 b - a +0 animal skin
 g - a +0 scale mail (worn)
Scrolls
 d - a scroll of vulnerability {unknown}
 h - a scroll of teleportation {unknown}
 j - a scroll of identify {unknown}
Potions
 c - a potion of might {unknown}
 e - a potion of curing {unknown}
 i - a potion of heal wounds {unknown}


   Skills:
 + Level 4.0 Fighting
 + Level 4.0 Axes
 + Level 2.5 Armour
 + Level 2.3 Dodging


You had one spell level left.
You didn't know any spells.
Your spell library was empty.

Dungeon Overview and Level Annotations

Branches:
Dungeon (4/15)
 Temple: D:4-7

Altars:
Wu Jian


Innate Abilities, Weirdness & Mutations

You have a pair of horns on your head.
You reflexively headbutt those who attack you in melee.


Message History

Found 4 stones.
There is an open door here.
You open the door.
There is an open door here.
You see here 4 stones.
You open the door.
Found a stone staircase leading up.
There is an open door here.
Found a stone staircase leading down.
There is a stone staircase leading down here.
You climb downwards.
There is a stone staircase leading up here.
Found a smoky pink potion.
A goblin comes into view. It is wielding a +0 dagger.
The goblin shouts!
You see here a smoky pink potion.
The goblin barely misses you. You furiously retaliate!
You headbutt the goblin!
You kill the goblin!
Trog accepts your kill.
Found a robe.
An orc comes into view. It is wielding a +0 flail.
Found a scroll labelled YROISU MAHEU.
The orc hits you with a +0 flail.
You closely miss the orc. You headbutt the orc.
The orc is severely wounded.
The orc hits you with a +0 flail. The orc hits you with a +0 flail.
* * * LOW HITPOINT WARNING * * *
The orc barely misses you. The orc barely misses you.
An orc wizard and an orc come into view.
The orc wizard shouts!
The orc shouts!
The orc closely misses you.
Found 3 scrolls labelled IFFELE IK XANE.
The orc throws a boomerang.
The boomerang barely misses you.
The orc hits you from afar with a +0 trident.
* * * LOW HITPOINT WARNING * * *
The orc wizard casts a spell at you. The magic dart hits you!
You die...

###..##### #.....?..
#....... # #......##
#.#.......#
.#.#.......#
...........####
.......@.......
##.##...o..####
.......o.o.#
##.####.#### #.# #
####.#######.#
#............#
##.#............#
...................#
.......###.#######.#


You could see an orc wizard and 2 orcs.

Vanquished Creatures
  2 endoplasms (D:1)
  A goblin (D:4)
  A hobgoblin (D:1)
  4 kobolds
  A quokka (D:1)
  2 ball pythons
  A bat (D:1)
  A frilled lizard (D:1)
13 creatures vanquished.

Notes
Turn   | Place    | Note
-------+----------+-------------------------------------------
     0 | D:1      | QwertyIsDirtey the Minotaur Berserker began the quest for
                  | the Orb.
     0 | D:1      | Reached XP level 1. HP: 19/19 MP: 0/0
   200 | D:1      | Reached XP level 2. HP: 8/27 MP: 1/1
   348 | D:3      | Found an ornate altar of the Wu Jian Council.
   451 | D:4      | Killed from afar by an orc wizard

Illustrated notes

Levels and vault maps discovered:
D:1:      heliophobic_arrival_ceremonial_halls, layout_rooms
D:2:      minmay_kobold_bridge, layout_basic
D:3:      minmay_razor_zed, layout_basic, mainiacjoe_overflow_24_doors,
          serial_park_tiny_2, minmay_joined_circles
D:4:      layout_basic, mainiacjoe_overflow_alcove_1,
          chequers_temple_overflow_minitemple

Skill      XL: |  1  2 |
---------------+-------+-----
Fighting       | 4 |  4.0
Axes           | 4 |  4.0
Armour         | |  2.5
Dodging        | |  2.3

Action                   || total
-------------------------++-------
Melee: Hand axe          ||    18
       Headbutt          ||     4
Armor: Animal skin       ||     5
       Scale mail        ||     4
Dodge: Dodged            ||    25
